| TOP OF THE 1ST |
|
Brooklyn Cyclones batting - Pitching for Tri-City Dust Devils : RHP Jalen Smith
|
|
Pitching: RHP Jalen Smith
|
|
|
Batting: LHB Jose Chavez
|
0-0: Called Strike 0-1: Ball 1-1: SINGLE (Line Drive, 9LS, EV 104.4 MPH)
|
|
Batting: LHB Adam Barry
|
0-0: Called Strike 0-1: Ball 1-1: Fielders Choice at 2nd, 1-6 (Groundball, 13, EV 68.8 MPH)
|
|
Batting: LHB Victor Ferrermena
|
0-0: Foul Ball, location: 2F 0-1: Foul Ball, location: 2F 0-2: Ball 1-2: Ball 2-2: Foul Ball, location: 2F 2-2: Ball 3-2: Foul Ball, location: 2F 3-2: Ground out 6-3 (Groundball, 6, EV 85.0 MPH) Adam Barry to second
|
|
Batting: LHB Kodai Furuki
|
0-0: Called Strike 0-1: Ball 1-1: Ball 2-1: Ball 3-1: Ground out 4-3 (Groundball, 4, EV 88.8 MPH)
|
| Top of the 1st over - 0 runs, 1 hit, 0 errors, 1 left on base; Brooklyn 0 - Tri-City 0 |
| BOTTOM OF THE 1ST |
|
Tri-City Dust Devils batting - Pitching for Brooklyn Cyclones : RHP Morty Rupert
|
|
Pitching: RHP Morty Rupert
|
|
|
Batting: RHB Jeremy Mercer
|
0-0: Ball 1-0: Foul Ball, location: 2F 1-1: Ball 2-1: Ground out 3-1 (Groundball, 34S, EV 80.6 MPH)
|
|
Batting: SHB Ryan Brown
|
0-0: Called Strike 0-1: Foul Ball, location: 2F 0-2: Ball 1-2: Strikes out swinging
|
|
Batting: RHB Hector Fernandez
|
0-0: Ground out 6-3 (Groundball, 6, EV 78.8 MPH)
|
| Bottom of the 1st over - 0 runs, 0 hits, 0 errors, 0 left on base; Brooklyn 0 - Tri-City 0 |
| TOP OF THE 2ND |
|
Brooklyn Cyclones batting - Pitching for Tri-City Dust Devils : RHP Jalen Smith
|
|
Batting: LHB Manny Caldera
|
0-0: Ball 1-0: Foul Ball, location: 2F 1-1: Fly out, F9 (Line Drive, 9D, EV 97.5 MPH)
|
|
Batting: RHB Hyeok Kim
|
0-0: Ball 1-0: Called Strike 1-1: Ground out 6-3 (Groundball, 6, EV 86.9 MPH)
|
|
Batting: RHB Oscar Chairez
|
0-0: Ground out 6-3 (Groundball, 6, EV 86.9 MPH)
|
| Top of the 2nd over - 0 runs, 0 hits, 0 errors, 0 left on base; Brooklyn 0 - Tri-City 0 |
| BOTTOM OF THE 2ND |
|
Tri-City Dust Devils batting - Pitching for Brooklyn Cyclones : RHP Morty Rupert
|
|
Batting: LHB Roger Duque
|
0-0: Ground out 5-3 (Groundball, 56S, EV 76.3 MPH)
|
|
Batting: RHB Jaden Scott
|
0-0: Called Strike 0-1: Ball 1-1: Called Strike 1-2: Strikes out swinging
|
|
Batting: LHB Paul Adams
|
0-0: Called Strike 0-1: Swinging Strike 0-2: Strikes out swinging
|
| Bottom of the 2nd over - 0 runs, 0 hits, 0 errors, 0 left on base; Brooklyn 0 - Tri-City 0 |
| TOP OF THE 3RD |
|
Brooklyn Cyclones batting - Pitching for Tri-City Dust Devils : RHP Jalen Smith
|
|
Batting: RHB Tony Oria
|
0-0: TRIPLE (Line Drive, 9D, EV 100.6 MPH)
|
|
Batting: RHB Jung-keun Bai
|
0-0: Called Strike 0-1: SINGLE (Flyball, 5D, EV 96.3 MPH) Tony Oria scores
|
|
Batting: LHB Jose Chavez
|
0-0: Called Strike 0-1: Ball 1-1: Called Strike 1-2: Foul Ball, location: 2F 1-2: Ball 2-2: Ball 3-2: Strikes out swinging
|
|
Batting: LHB Adam Barry
|
0-0: Ball 1-0: Foul Ball, location: 2F 1-1: Ball 2-1: Fielders Choice at 2nd, 4-6 (Groundball, 4M, EV 78.1 MPH)
|
|
Batting: LHB Victor Ferrermena
|
0-0: Ground out U3 (Groundball, 13, EV 88.8 MPH)
|
| Top of the 3rd over - 1 run, 2 hits, 0 errors, 1 left on base; Brooklyn 1 - Tri-City 0 |
| BOTTOM OF THE 3RD |
|
Tri-City Dust Devils batting - Pitching for Brooklyn Cyclones : RHP Morty Rupert
|
|
Batting: RHB Joe Weissman
|
0-0: Foul Ball, location: 2F 0-1: Swinging Strike 0-2: Ball 1-2: Strikes out swinging
|
|
Batting: RHB Bryan Pitcher
|
0-0: Ball 1-0: Ball 2-0: Foul Ball, location: 2F 2-1: Ground out 1-3 (Groundball, P, EV 62.5 MPH)
|
|
Batting: RHB Ron Major
|
0-0: Called Strike 0-1: Called Strike 0-2: Ball 1-2: Foul Ball, location: 2F 1-2: Strikes out looking
|
| Bottom of the 3rd over - 0 runs, 0 hits, 0 errors, 0 left on base; Brooklyn 1 - Tri-City 0 |
| TOP OF THE 4TH |
|
Brooklyn Cyclones batting - Pitching for Tri-City Dust Devils : RHP Jalen Smith
|
|
Batting: LHB Kodai Furuki
|
0-0: Foul Ball, location: 2F 0-1: Swinging Strike 0-2: Strikes out swinging
|
|
Batting: LHB Manny Caldera
|
0-0: Ball 1-0: SINGLE (Groundball, 6MD, EV 97.5 MPH)
|
|
Batting: RHB Hyeok Kim
|
0-0: Ball 1-0: Called Strike 1-1: Grounds into double play, 5-4-3 (Groundball, 56S, EV 90.0 MPH)
|
| Top of the 4th over - 0 runs, 1 hit, 0 errors, 0 left on base; Brooklyn 1 - Tri-City 0 |
| BOTTOM OF THE 4TH |
|
Tri-City Dust Devils batting - Pitching for Brooklyn Cyclones : RHP Morty Rupert
|
|
Batting: RHB Jeremy Mercer
|
0-0: Swinging Strike 0-1: Ball 1-1: Foul Ball, location: 2F 1-2: Foul Ball, location: 2F 1-2: Fly out, F9 (Flyball, 89D, EV 84.4 MPH)
|
|
Batting: SHB Ryan Brown
|
0-0: Called Strike 0-1: Foul Ball, location: 2F 0-2: Ball 1-2: Strikes out swinging
|
|
Batting: RHB Hector Fernandez
|
0-0: Ball 1-0: Ground out 1-3 (Groundball, 13S, EV 70.0 MPH)
|
| Bottom of the 4th over - 0 runs, 0 hits, 0 errors, 0 left on base; Brooklyn 1 - Tri-City 0 |
| TOP OF THE 5TH |
|
Brooklyn Cyclones batting - Pitching for Tri-City Dust Devils : RHP Jalen Smith
|
|
Batting: RHB Oscar Chairez
|
0-0: Foul Ball, location: 2F 0-1: Ball 1-1: TRIPLE (Line Drive, 89XD, EV 101.3 MPH)
|
|
Batting: RHB Tony Oria
|
0-0: Ball 1-0: Ball 2-0: Ground out 6-3 (Groundball, 56, EV 86.3 MPH)
|
|
Batting: RHB Jung-keun Bai
|
0-0: Called Strike 0-1: Ball 1-1: Ball 2-1: DOUBLE (Line Drive, 89D, EV 109.4 MPH) Oscar Chairez scores
|
|
Batting: LHB Jose Chavez
|
0-0: Ball 1-0: Called Strike 1-1: Ball 2-1: Fly out, F6 (Popup, 6MS, EV 86.9 MPH)
|
|
Batting: LHB Adam Barry
|
0-0: Foul Ball, location: 2F 0-1: Ball 1-1: Called Strike 1-2: Strikes out swinging
|
| Top of the 5th over - 1 run, 2 hits, 0 errors, 1 left on base; Brooklyn 2 - Tri-City 0 |
| BOTTOM OF THE 5TH |
|
Tri-City Dust Devils batting - Pitching for Brooklyn Cyclones : RHP Morty Rupert
|
|
Batting: LHB Roger Duque
|
0-0: Called Strike 0-1: Called Strike 0-2: Ball 1-2: Ground out 6-3 (Groundball, 56, EV 85.0 MPH)
|
|
Batting: RHB Jaden Scott
|
0-0: Ball 1-0: Called Strike 1-1: Foul Ball, location: 2F 1-2: Ball 2-2: Ball 3-2: Strikes out swinging
|
|
Batting: LHB Paul Adams
|
0-0: Called Strike 0-1: Ball 1-1: Ball 2-1: Foul Ball, location: 2F 2-2: Ground out 4-3 (Groundball, 4, EV 86.9 MPH)
|
| Bottom of the 5th over - 0 runs, 0 hits, 0 errors, 0 left on base; Brooklyn 2 - Tri-City 0 |
| TOP OF THE 6TH |
|
Brooklyn Cyclones batting - Pitching for Tri-City Dust Devils : RHP Jalen Smith
|
|
Batting: LHB Victor Ferrermena
|
0-0: Ball 1-0: Foul Ball, location: 2F 1-1: Ball 2-1: Swinging Strike 2-2: Strikes out looking
|
|
Batting: LHB Kodai Furuki
|
0-0: SINGLE (Groundball, 4D, EV 105.6 MPH)
|
|
Batting: LHB Manny Caldera
|
0-0: Ball 1-0: Swinging Strike 1-1: Swinging Strike 1-2: Strikes out swinging
|
|
Batting: RHB Hyeok Kim
|
0-0: Ball 1-0: Swinging Strike 1-1: SINGLE (Groundball, 56D, EV 101.9 MPH) Kodai Furuki to second
|
|
Batting: RHB Oscar Chairez
|
0-0: Called Strike 0-1: Swinging Strike 0-2: Ball 1-2: Ball 2-2: Ball 3-2: Strikes out swinging
|
| Top of the 6th over - 0 runs, 2 hits, 0 errors, 2 left on base; Brooklyn 2 - Tri-City 0 |
| BOTTOM OF THE 6TH |
|
Tri-City Dust Devils batting - Pitching for Brooklyn Cyclones : RHP Morty Rupert
|
|
Batting: RHB Joe Weissman
|
0-0: Called Strike 0-1: Ball 1-1: Called Strike 1-2: Ground out 6-3 (Groundball, 6, EV 104.4 MPH)
|
|
Batting: RHB Bryan Pitcher
|
0-0: Called Strike 0-1: Hit by Pitch
|
|
Batting: RHB Ron Major
|
0-0: 2-RUN HOME RUN (Flyball, 7LD, EV 90.0 MPH), Distance : 343 ft
|
|
Batting: RHB Jeremy Mercer
|
0-0: Ball 1-0: Foul Ball, location: 2F 1-1: Foul Ball, location: 2F 1-2: Strikes out swinging
|
|
Batting: SHB Ryan Brown
|
0-0: DOUBLE (Line Drive, 9LS, EV 103.1 MPH)
|
|
Batting: RHB Hector Fernandez
|
0-0: Ball 1-0: Called Strike 1-1: Ground out 6-3 (Groundball, 6, EV 104.4 MPH)
|
| Bottom of the 6th over - 2 runs, 2 hits, 0 errors, 1 left on base; Brooklyn 2 - Tri-City 2 |
| TOP OF THE 7TH |
|
Brooklyn Cyclones batting - Pitching for Tri-City Dust Devils : RHP Jalen Smith
|
|
Batting: RHB Tony Oria
|
0-0: Reached on error, E6 (Groundball, 6S, EV 73.8 MPH)
|
|
Batting: RHB Jung-keun Bai
|
0-0: Sac Bunt to 23 - play at first, batter OUT! 3-4 Tony Oria to second
|
|
Batting: LHB Jose Chavez
|
0-0: Ball 1-0: DOUBLE (Flyball, 8LXD, EV 100.6 MPH) Tony Oria scores
|
|
Batting: LHB Adam Barry
|
0-0: Ball 1-0: Ball 2-0: Swinging Strike 2-1: Foul Ball, location: 2F 2-2: SINGLE (Flyball, 56D, EV 90.6 MPH) - OUT at second base trying to stretch hit. Jose Chavez scores
|
|
Batting: LHB Victor Ferrermena
|
0-0: Fly out, F7 (Flyball, 7LM, EV 81.3 MPH)
|
| Top of the 7th over - 2 runs, 2 hits, 1 error, 0 left on base; Brooklyn 4 - Tri-City 2 |
| BOTTOM OF THE 7TH |
|
Tri-City Dust Devils batting - Pitching for Brooklyn Cyclones : RHP Morty Rupert
|
|
Batting: LHB Roger Duque
|
0-0: Ball 1-0: Ball 2-0: Ball 3-0: Base on Balls
|
|
Batting: RHB Jaden Scott
|
0-0: Ball Roger Duque is caught stealing 2nd base 2-4 1-0: Ball 2-0: Ball 3-0: Called Strike 3-1: Base on Balls
|
|
Batting: LHB Paul Adams
|
0-0: Called Strike Jaden Scott is caught stealing 2nd base 2-6 0-1: SINGLE (Groundball, 25, EV 67.5 MPH) (infield hit)
|
|
Batting: RHB Joe Weissman
|
0-0: Swinging Strike 0-1: Ball 1-1: Swinging Strike 1-2: Foul Ball, location: 2F 1-2: Ball 2-2: Fielders Choice at 2nd, 6-4 (Groundball, 6, EV 81.9 MPH)
|
| Bottom of the 7th over - 0 runs, 1 hit, 0 errors, 1 left on base; Brooklyn 4 - Tri-City 2 |
| TOP OF THE 8TH |
|
Brooklyn Cyclones batting - Pitching for Tri-City Dust Devils : RHP Jalen Smith
|
|
Batting: LHB Kodai Furuki
|
0-0: Ball 1-0: Ball 2-0: SINGLE (Groundball, 4MD, EV 97.5 MPH)
|
|
Batting: LHB Manny Caldera
|
0-0: Ball 1-0: Called Strike 1-1: Called Strike 1-2: Ball 2-2: Foul Ball, location: 2F 2-2: Ball 3-2: Base on Balls Kodai Furuki to second
|
|
Pitching: RHP Eric Teixeira
|
|
|
Batting: RHB Hyeok Kim
|
0-0: Ball 1-0: Sac Bunt to 15 - play at first, batter OUT! 1-4 Kodai Furuki to third Manny Caldera to second
|
|
Batting: RHB Oscar Chairez
|
0-0: Called Strike 0-1: Ball 1-1: Foul Ball, location: 2F 1-2: SINGLE (Groundball, 6M, EV 100.0 MPH) Kodai Furuki scores Manny Caldera to third Runner from 3rd tries for Home, SAFE, throw by CF to home Oscar Chairez to second
|
|
Batting: RHB Tony Oria
|
0-0: Ball 1-0: Called Strike 1-1: Ground out 6-3 (Groundball, 6, EV 80.0 MPH) Oscar Chairez to third
|
|
Batting: RHB Jung-keun Bai
|
0-0: Ball 1-0: Foul Ball, location: 2F 1-1: Swinging Strike 1-2: Foul Ball, location: 2F 1-2: Strikes out swinging
|
| Top of the 8th over - 2 runs, 2 hits, 0 errors, 1 left on base; Brooklyn 6 - Tri-City 2 |
| BOTTOM OF THE 8TH |
|
Tri-City Dust Devils batting - Pitching for Brooklyn Cyclones : RHP Morty Rupert
|
|
Batting: RHB Bryan Pitcher
|
0-0: Foul Ball, location: 2F 0-1: Foul Ball, location: 2F 0-2: Foul Ball, location: 2F 0-2: Strikes out looking
|
|
Pinch Hitting: LHB Frank McConnell
|
0-0: Foul Ball, location: 2F 0-1: Ball 1-1: Ball 2-1: Ball 3-1: Base on Balls
|
|
Batting: RHB Jeremy Mercer
|
0-0: SINGLE (Line Drive, 89M, EV 104.4 MPH) Frank McConnell to second
|
|
Batting: SHB Ryan Brown
|
0-0: Ball 1-0: DOUBLE (Line Drive, 78D, EV 112.5 MPH) Frank McConnell scores Jeremy Mercer to third
|
|
Batting: RHB Hector Fernandez
|
0-0: Ball 1-0: Ball 2-0: Foul Ball, location: 2F 2-1: Ball 3-1: Base on Balls
|
|
Pitching: LHP Mike Capers
|
|
|
Batting: RHB Ruben Luis
|
0-0: Ball 1-0: Called Strike 1-1: SINGLE (Flyball, 8RS, EV 98.8 MPH) Jeremy Mercer scores Ryan Brown to third Hector Fernandez to second
|
|
Batting: RHB Jaden Scott
|
0-0: Foul Ball, location: 2F 0-1: Ball 1-1: Ball 2-1: Ball 3-1: Called Strike 3-2: Base on Balls Ryan Brown scores Hector Fernandez to third Ruben Luis to second
|
|
Batting: LHB Paul Adams
|
0-0: Ball 1-0: Ball 2-0: Called Strike 2-1: SINGLE (Groundball, 4MD, EV 104.4 MPH) Hector Fernandez scores Ruben Luis to third Jaden Scott to second Runner from 3rd tries for Home, SAFE, throw by CF to home
|
|
Batting: RHB Joe Weissman
|
0-0: Called Strike 0-1: Swinging Strike 0-2: Ball 1-2: Foul Ball, location: 2F 1-2: Foul Ball, location: 2F 1-2: Ball 2-2: Foul Ball, location: 2F 2-2: Foul Ball, location: 2F 2-2: Strikes out swinging
|
|
Batting: RHB Bryan Pitcher
|
0-0: Called Strike 0-1: Ball 1-1: Swinging Strike 1-2: Foul Ball, location: 2F 1-2: DOUBLE (Line Drive, 89D, EV 101.3 MPH) Jaden Scott scores Paul Adams to third
|
|
Batting: LHB Frank McConnell
|
0-0: SINGLE (Line Drive, 4M, EV 98.1 MPH) Paul Adams scores Bryan Pitcher to third
|
|
Pitching: RHP Leo Burgos
|
|
|
Batting: RHB Jeremy Mercer
|
0-0: Ball 1-0: Called Strike 1-1: Ball 2-1: Foul Ball, location: 2F 2-2: Ball Frank McConnell steals 2nd base 3-2: Ground out 5-3 (Groundball, 56S, EV 67.5 MPH)
|
| Bottom of the 8th over - 7 runs, 6 hits, 0 errors, 2 left on base; Brooklyn 6 - Tri-City 9 |
| TOP OF THE 9TH |
|
Brooklyn Cyclones batting - Pitching for Tri-City Dust Devils : RHP Eric Teixeira
|
|
Pitching: RHP Angelo Radford
|
|
|
Now in CF: Frank McConnell
|
|
|
Batting: LHB Jose Chavez
|
0-0: Ball 1-0: Ball 2-0: SINGLE (Groundball, 6MD, EV 100.0 MPH)
|
|
Batting: LHB Adam Barry
|
0-0: Ball 1-0: Ball 2-0: SINGLE (Line Drive, 9S, EV 88.8 MPH) Jose Chavez to second
|
|
Batting: LHB Victor Ferrermena
|
0-0: Foul Ball, location: 2F 0-1: Ball 1-1: Swinging Strike 1-2: Strikes out looking
|
|
Batting: LHB Kodai Furuki
|
0-0: Grounds out, U3 (Groundball, 3L, EV 81.9 MPH) Jose Chavez to third
|
|
Batting: LHB Manny Caldera
|
0-0: Foul Ball, location: 2F 0-1: Swinging Strike 0-2: Strikes out looking
|
| Top of the 9th over - 0 runs, 2 hits, 0 errors, 2 left on base; Brooklyn 6 - Tri-City 9 |
|